 Dungeon Crawl Stone Soup version 0.31-a0-620-gd1cbd99268 (webtiles) character file.

Game seed: 5628631617241791758

72 Fodor the Covered (level 4, -4/40 HPs)
             Began as a Minotaur Fighter on Aug 24, 2023.
             Killed from afar by Natasha (8 damage)
             ... with a magic dart
             ... on level 2 of the Dungeon.
             The game lasted 00:05:00 (837 turns).

Fodor the Covered (Minotaur Fighter)                 Turns: 837, Time: 00:05:02

Health: -4/40      AC: 10    Str: 23    XL:     4   Next: 7%
Magic:  3/3        EV:  9    Int: 11    God:
Gold:   30         SH:  4    Dex:  9    Spells: 3/3 levels left

rFire   . . .        a - +0 long sword
rCold   . . .        c - +0 buckler
rNeg    . . .        b - +0 scale mail
rPois   .            (helmet restricted)
rElec   .            g - +2 cloak
rCorr   .            (no gloves)
SInv    .            (no boots)
Will    .....        (no amulet) Stlth
                     k - +6 ring of intelligence
HPRegen 0.26/turn    (no ring)
MPRegen 0.08/turn

%: no passive effects
@: no status effects
A: horns 2, retaliatory headbutt
a: no special abilities


You were on level 2 of the Dungeon.
You visited 1 branch of the dungeon, and saw 2 of its levels.

You collected 30 gold pieces.

Inventory:

Hand Weapons
 a - a +0 long sword (weapon)
Armour
 b - a +0 scale mail (worn)
 c - a +0 buckler (worn)
 g - a +2 cloak (worn)
Jewellery
 k - a +6 ring of intelligence (left hand)
Scrolls
 e - a scroll of teleportation {unknown}
 f - a scroll of immolation {unknown}
 i - a scroll of fear {unknown}
 j - a scroll of blinking {unknown}
 l - a scroll of amnesia {unknown}
 m - a scroll of identify {unknown}
Potions
 d - a potion of might
 h - a potion of curing {unknown}


   Skills:
 + Level 4.2 Fighting
 + Level 3.2 Long Blades
 + Level 4.5 Armour
 + Level 0.5 Dodging
 + Level 4.2 Shields


You had 3 spell levels left.
You didn't know any spells.
Your spell library contained the following spells:

 Spells                   Type           Power      Damage    Failure   Level
 Chain Lightning          Conj/Air       0%         N/A       100%        9
 Fire Storm               Conj/Fire      0%         5d1       100%        9
 Shatter                  Erth           0%         3d5*      100%        9


Dungeon Overview and Level Annotations

Branches:
Dungeon (2/15)

Altars:

Annotations:
D:2 Natasha


Innate Abilities, Weirdness & Mutations

You have a pair of horns on your head.
You reflexively headbutt those who attack you in melee.


Message History

Natasha mumbles some strange words.
The cerulean imp closely misses you.
You barely miss the cerulean imp.
The cerulean imp is severely wounded.
The cerulean imp hits you but does no damage.
Natasha mewls in sadness.
The cerulean imp hits you from afar with a +1 spear.
The cerulean imp barely misses you. You furiously retaliate!
You headbutt the cerulean imp!
You kill the cerulean imp!
The cerulean imp disappears in a puff of smoke!
You hit Natasha but do no damage. You headbutt Natasha!
Natasha is severely wounded.
The cerulean imp closely misses you. Natasha casts a spell at you.
The magic dart hits you. The cerulean imp barely misses you.
You barely miss Natasha.
Natasha is severely wounded.
The cerulean imp disappears in a puff of smoke!
A bat comes into view.
Natasha barely misses you.
The bat moves out of view.
You barely miss Natasha.
Natasha is severely wounded.
Natasha casts a spell.
Natasha zaps a wand.
The puff of flame hits you but does no damage.
You barely miss Natasha. Your headbutt misses Natasha.
Natasha is severely wounded.
The cerulean imp hits you but does no damage.
Natasha zaps a wand.
The puff of flame hits you!
* * * LOW HITPOINT WARNING * * *
The cerulean imp barely misses you.
You closely miss Natasha.
Natasha is severely wounded.
The cerulean imp hits you from afar with a +2 spear.
* * * LOW HITPOINT WARNING * * *
Natasha stares at you and mumbles some strange words.
The magic dart hits you!
You die...
Natasha curls up and begins to purr.

# #### ##.##.........#.#
# #.. ..##....†....#.# #
#.# #.##.........#.#
###.#####.##......)..#.#
).................##.#.#
###############.####.#.#
# #5.55..(.# #
######5####...# .
........@hgKg...... #
######..####b..###.# .
#..# #...# # #..# #...#
#..# #.... ..## #g..##
#.. #.#


You could see Natasha, 2 gnolls, 2 cerulean imps, a bat and a kobold.

Vanquished Creatures
  Jessica (D:2)
  A gnoll (D:2)
  2 dart slugs (D:1)
  5 bats
  3 endoplasms (D:1)
  A giant cockroach (D:1)
  A goblin (D:1)
  8 hobgoblins
  A quokka (D:1)
  2 ball pythons (D:1)
  3 frilled lizards (D:1)
  2 kobolds (D:1)
  2 rats
32 creatures vanquished.

Notes
Turn   | Place    | Note
-------+----------+-------------------------------------------
     0 | D:1      | Fodor the Minotaur Fighter began the quest for the Orb.
     0 | D:1      | Reached XP level 1. HP: 19/19 MP: 0/0
   116 | D:1      | Reached XP level 2. HP: 23/27 MP: 1/1
   227 | D:1      | Found a faded altar of an unknown god.
   453 | D:1      | Reached XP level 3. HP: 27/33 MP: 2/2
   746 | D:2      | Noticed Jessica
   752 | D:2      | Killed Jessica
   795 | D:2      | Reached XP level 4. HP: 34/40 MP: 3/3
   812 | D:2      | Noticed Natasha
   837 | D:2      | Killed from afar by Natasha

Illustrated notes

Levels and vault maps discovered:
D:1:      giann_horns, layout_rooms, shapermc_ecumenical_altar_mp_highgroup,
          minmay_bisected
D:2:      layout_basic, basic_altar, uniq_natasha, uniq_robin, uniq_jessica

Skill      XL: |  1  2  3 |
---------------+----------+-----
Armour         | 4 |  4.5
Fighting       | 4 |  4.2
Shields        | 4 |  4.2
Long Blades    | 3 |  3.2
Dodging        | |  0.5

Action                     |  1- 3 |  4- 6 || total
---------------------------+-------+-------++-------
  Melee: Long sword        |    68 |    15 ||    83
         Headbutt          |     6 |     1 ||     7
 Armour: Scale mail        |    39 |    15 ||    54
  Dodge: Dodged            |    37 |    18 ||    55
  Block: Buckler           |    19 |     3 ||    22

Table legend: (Time is in decaauts)
 A = Elapsed time spent in this place.
 B = Non-inter-level travel time spent in this place.
 C = Inter-level travel time spent in this place.
 D = Time resting spent in this place.
 E = Time spent auto-exploring this place.
 F = Levels seen in this place.
 G = Mean time per level.
                   A        B        C        D        E       F      G
               +--------+--------+--------+--------+--------+-----+--------+
         Total |    861 |    843 |     18 |     35 |      0 |   2 |  430.5 |
       Dungeon |    861 |    843 |     18 |     35 |      0 |   2 |  430.5 |
               +--------+--------+--------+--------+--------+-----+--------+

Top non-repeatable levels by time:
     D:1: 712 daAuts
     D:2: 149 daAuts
